 Dungeon Crawl Stone Soup version 0.29.1-14-g9c671dbff4 (webtiles) character file.

Game seed: 5747153966290687537

5775 raph the Tainter (level 10, -4/79 HPs)
             Began as a Red Draconian Venom Mage on Feb 13, 2023.
             Was a Priest of Sif Muna.
             Slain by Erica
             ... wielding a +4 scimitar of flaming
              (14 damage)
             ... on level 9 of the Dungeon.
             The game lasted 00:22:12 (11878 turns).

raph the Tainter (Red Draconian Venom Mage)        Turns: 11878, Time: 00:22:13

Health: -4/79      AC:  9    Str: 27    XL:     10   Next: 50%
Magic:  6/18       EV: 12    Int: 19    God:    Sif Muna [***...]
Gold:   503        SH:  3    Dex: 12    Spells: 3/20 levels left

rFire   + . .      SeeInvis .   r - +5 dagger of the Unstoppable Seers {vamp, rElec Will++}
rCold   . . .      Faith    .   l - -1 buckler of Qual Cae {rC+ Str+4}
rNeg    . . .      Spirit   .   (body armour unavailable)
rPois   .          Reflect  .   (helmet restricted)
rElec   +          Harm     .   F - +0 cloak
rCorr   .          Rampage  .   g - +0 pair of gloves
Will    ++...                   (no boots)
Stlth   ++........              (no amulet)
HPRegen 0.23/turn               w - ring of Qoutom {rElec rC- Str+6 Slay+2}
MPRegen 0.16/turn               y - +6 ring of strength

@: lethally poisoned (-4 -> -11), radiating poison
A: breathe fire, AC +7, unfitting armour, fire resistance 1, cold-blooded
a: Breathe Fire, Renounce Religion, Channel Magic, Forget Spell


You were on level 9 of the Dungeon.
You worshipped Sif Muna.
Sif Muna was most pleased with you.
You visited 1 branch of the dungeon, and saw 9 of its levels.
You also visited: Sewer.

You collected 503 gold pieces.

Inventory:

Hand Weapons
 b - a +2 vampiric dagger
 p - a +2 whip of electrocution
 r - the +5 dagger of the Unstoppable Seers (weapon) {vamp, rElec Will++}
   (You found it on level 4 of the Dungeon)

   It occasionally heals its wielder for a portion of the damage dealt when it
   wounds a living foe.
   rElec:     It insulates you from electricity.
   Will:      It greatly increases your willpower.
 v - a +3 dagger
 G - a -1 demon whip of venom
Missiles
 f - 9 javelins
 t - 4 curare-tipped darts
 B - a throwing net
Armour
 g - a +0 pair of gloves (worn)
 l - the -1 buckler of Qual Cae (worn) {rC+ Str+4}
   (You took it off a goblin on level 2 of the Dungeon)

   Str:       It affects your strength (+4).
   rC:        It protects you from cold.
 F - a +0 cloak (worn)
Magical Staves
 j - a staff of conjuration
Jewellery
 w - the ring of Qoutom (left hand) {rElec rC- Str+6 Slay+2}
   (You found it on level 5 of the Dungeon)

   [ring of strength]

   Str:       It affects your strength (+6).
   Slay:      It affects your accuracy & damage with ranged weapons and melee
   (+2).
   rC:        It makes you vulnerable to cold.
   rElec:     It insulates you from electricity.
 x - a ring of willpower
 y - a +6 ring of strength (right hand)
 A - a ring of willpower
Wands
 c - a wand of light (5)
 k - a wand of flame (24)
 n - a wand of iceblast (3)
 C - a wand of mindburst (20)
 D - a wand of polymorph (6)
Scrolls
 i - 4 scrolls of identify
 m - 2 scrolls of fog
 q - 3 scrolls of poison
Potions
 a - a potion of magic
 d - 3 potions of lignification
 e - a potion of ambrosia
 h - 5 potions of brilliance
 o - 2 potions of mutation
 s - a potion of flight
 u - a potion of curing
 E - a potion of invisibility


   Skills:
 - Level 4.2 Fighting
 - Level 3.9 Dodging
 - Level 1.7 Stealth
 - Level 3.7 Shields
 - Level 5.7 Spellcasting
 + Level 6.9 Conjurations
 + Level 3.0 Hexes
 - Level 1.0 Transmutations
 + Level 10.3 Poison Magic
 - Level 3.0 Invocations


You had 3 spell levels left.
You knew the following spells:

 Your Spells              Type           Power      Damage    Failure   Level
a - Sting                 Tmut/Pois      100%       1d8       1%          1
b - Poisonous Vapours     Pois/Air       50%        N/A       2%          2
c - Mephitic Cloud        Conj/Pois/Air  27%        N/A       4%          3
d - Olgreb's Toxic Radia  Pois           44%        N/A       2%          4
e - Fulminant Prism       Conj/Hex       12%        3d9       19%         4
f - Ignite Poison         Fire/Tmut/Pois 19%        N/A       10%         3

Your spell library contained the following spells:

 Spells                   Type           Power      Damage    Failure   Level
 Magic Dart               Conj           100%       1d8       1%          1
 Searing Ray              Conj           62%        2d6       1%          2
 Freeze                   Ice            20%        1d4       16%         1
 Blink                    Tloc           10%        N/A       22%         2
 Frozen Ramparts          Ice            10%        1d2       41%         3
 Hailstorm                Conj/Ice       18%        3d6       34%         4
 Freezing Cloud           Conj/Ice/Air   7%         6-21      85%         5
 Manifold Assault         Tloc           5%         N/A       99%         5
 Storm Form               Tmut/Air       3%         N/A       100%        7


Dungeon Overview and Level Annotations

Branches:
Dungeon (9/15)             Temple (0/1) D:5           Sewer (visited)
   Lair: D:8-11         Orc: D:9-12

Altars:
Ashenzari
Cheibriados
Hepliaklqana
Makhleb
Sif Muna
Uskayaw
Wu Jian
Xom
Zin
The Shining One

Annotations:
D:9 Erica


Innate Abilities, Weirdness & Mutations

You can breathe blasts of fire.
Your fiery red scales are hard. (AC +7)
You cannot fit into any form of body armour.
Your flesh is heat resistant. (rF+)
You are cold-blooded and may be slowed by cold attacks.


Message History

Erica flickers and vanishes!
You miss something. Something hits you.
You hear some strange, mumbled words.
You are confused.
Something hits you.
You hear some strange, mumbled words.
A magic dart appears from out of thin air!
The magic dart hits you. Something barely misses you.
Sif Muna accepts your kill.
Reactivating autopickup.
You feel a bit more experienced. Something hits you!
Deactivating autopickup; reactivate with Ctrl-A.
You barely miss something.
Your tail-slap misses something.
You hear some strange, mumbled words.
Something tries to affect you, but you resist.
Something hits you! Something burns you. Something hits you.
Something burns you.
You feel less confused.
You hear some strange, mumbled words.
A bolt of poison appears from out of thin air!
The bolt of poison hits you!!
You are poisoned.
* * * LOW HITPOINT WARNING * * *
You feel much better.
You feel very sick.
Casting: Olgreb's Toxic Radiance (dangerous; 2% risk of failure)
Confirm with . or Enter, or press ? or * to list all spells.
You can't see any susceptible monsters within range! (Use Z to cast anyway.)
Something hits you!
* * * LOW HITPOINT WARNING * * *
You feel sick.
Casting: Olgreb's Toxic Radiance (dangerous; 2% risk of failure)
Confirm with . or Enter, or press ? or * to list all spells.
You begin to radiate toxic energy.
You feel sick. Something hits you.
* * * LOW HITPOINT WARNING * * *
Something burns you.
* * * LOW HITPOINT WARNING * * *
Something hits you!
You die...

#..(#.....#...#....#.
#...#..)..#...#...##.
#...#..8..#...##..##.
#..)#.....#...##..###
#...#.....#...##..#
#...#.....#...##..###
#...##...##...##.....
#...{#.).#....##.####
##..@#...#...##...#
#......##...###..#
#......#....# #..#
#8..####....###..#
#####..)....#....###
#.........###......
#.........##.....##
##.......####...##
#.......#......#


There were no monsters in sight!

Vanquished Creatures
  Amaemon (D:9)
  Pikel (D:4)
  Maurice (D:9)
  An orange demon (D:9)
  A hornet (D:7)
  2 water moccasins (D:6)
  Pargi (Sewer)
  An orc warrior (D:7)
  A black bear (D:5)
  3 ice beasts
  2 ogres
  3 centaurs (D:9)
  A phantom (D:6)
  A kobold brigand (D:8)
  2 bullfrogs
  2 gnoll sergeants
  2 scorpions (D:5)
  8 wights (D:8)
  12 killer bees
  6 electric eels
  3 howler monkeys (D:8)
  4 jellies
  A hound (D:6)
  3 orc priests (D:6)
  Jessica (D:3)
  3 gnoll boudas
  7 iguanas
  4 orc wizards
  13 gnolls
  5 adders
  2 shadow imps (D:7)
  A white imp (D:6)
  An ufetubus (D:4)
  7 worms
  A dart slug (D:3)
  33 orcs
  3 bats
  9 endoplasms
  A giant cockroach (D:3)
  4 goblins
  9 hobgoblins
  11 quokkas
  8 ball pythons
  3 frilled lizards
  15 kobolds
  7 rats
211 creatures vanquished.

Vanquished Creatures (others)
  A fulminant prism (D:9)
  31 plants
32 creatures vanquished.

Grand Total: 243 creatures vanquished

Notes
Turn   | Place    | Note
-------+----------+-------------------------------------------
     0 | D:1      | raph the Draconian Venom Mage began the quest for the Orb.
     0 | D:1      | Reached XP level 1. HP: 14/14 MP: 3/3
   114 | D:1      | You fall into a shaft and drop 1 floor!
   371 | D:1      | Reached XP level 2. HP: 20/20 MP: 1/5
  1000 | D:1      | Found a faded altar of an unknown god.
  1025 | D:1      | Learned a level 2 spell: Poisonous Vapours
  1081 | D:2      | Reached skill level 4 in Poison Magic
  1417 | D:2      | Reached XP level 3. HP: 20/26 MP: 0/6
  1486 | D:2      | Learned a level 3 spell: Mephitic Cloud
  1699 | D:2      | Identified the -1 buckler of Qual Cae {rC+ Str+4}
  2337 | D:3      | Reached XP level 4. HP: 28/33 MP: 4/7
  2370 | D:3      | Found a glowing drain.
  2388 | D:3      | Reached skill level 5 in Poison Magic
  2446 | Sewer    | Entered a sewer
  2591 | Sewer    | Noticed Pargi
  2601 | Sewer    | Killed Pargi
  2602 | Sewer    | Reached skill level 1 in Conjurations
  2602 | Sewer    | Reached XP level 5. HP: 38/38 MP: 8/8
  3123 | D:3      | Noticed Jessica
  3171 | D:3      | Killed Jessica
  4159 | D:4      | Reached XP level 6. HP: 18/45 MP: 8/10
  4446 | D:3      | Learned a level 4 spell: Olgreb's Toxic Radiance
  4513 | D:4      | Reached skill level 6 in Poison Magic
  4864 | D:4      | Found a shimmering blue altar of Sif Muna.
  4867 | D:4      | Noticed Pikel
  4889 | D:4      | Killed Pikel
  4890 | D:4      | Reached skill level 7 in Poison Magic
  4890 | D:4      | Your scales start taking on a fiery red colour.
  4890 | D:4      | Reached XP level 7. HP: 40/50 MP: 0/13
  4890 | D:4      | Gained mutation: Your flesh is heat resistant. (rF+) [Red
                  | Draconian growth]
  5015 | D:4      | Identified the +5 dagger of the Unstoppable Seers {vamp,
                  | rElec Will++}
  5045 | D:4      | Became a worshipper of Sif Muna the Loreminder
  5361 | D:5      | Entered Level 5 of the Dungeon
  5524 | D:5      | Found a shimmering altar of Xom.
  5526 | D:5      | Noticed an angel
  5529 | D:5      | Found a glowing silver altar of Zin.
  5536 | D:5      | Reached XP level 8. HP: 56/57 MP: 9/14
  5732 | D:5      | Found a staircase to the Ecumenical Temple.
  5977 | D:5      | Identified the ring of Qoutom {rElec rC- Str+6 Slay+2}
  6186 | D:5      | Reached skill level 1 in Fighting
  6267 | D:5      | Reached * piety under Sif Muna
  6273 | D:5      | Reached skill level 1 in Shields
  6419 | D:6      | Reached skill level 8 in Poison Magic
  6706 | D:6      | Found a broken altar of Ashenzari.
  6706 | D:6      | Found a burning altar of Makhleb.
  6706 | D:6      | Found an ornate altar of the Wu Jian Council.
  6706 | D:6      | Found a hazy altar of Hepliaklqana.
  6706 | D:6      | Found a glowing golden altar of the Shining One.
  6742 | D:6      | Found a snail-covered altar of Cheibriados.
  6976 | D:6      | Reached skill level 5 in Spellcasting
  7407 | D:6      | Reached XP level 9. HP: 68/68 MP: 8/16
  7537 | D:6      | Reached skill level 5 in Conjurations
  7668 | D:6      | Reached ** piety under Sif Muna
  8036 | D:7      | Reached skill level 1 in Invocations
  8236 | D:7      | Reached skill level 9 in Poison Magic
  8848 | D:7      | Noticed a +0 short sword
  8848 | D:7      | Noticed a +0 short sword
  8849 | D:7      | Noticed a +0 falchion
  8850 | D:7      | Noticed a +0 spear
  8850 | D:7      | Noticed a +0 dagger
  8851 | D:7      | Noticed a +0 spear
  8852 | D:7      | Noticed a +0 dagger
  8853 | D:7      | Found a hide-covered altar of Uskayaw.
  8853 | D:7      | Noticed a +0 falchion
  9514 | D:7      | Reached *** piety under Sif Muna
  9848 | D:8      | Learned a level 4 spell: Fulminant Prism
  9887 | D:8      | Reached XP level 10. HP: 28/76 MP: 13/18
 10901 | D:9      | Reached skill level 1 in Hexes
 11070 | D:9      | Noticed Maurice
 11082 | D:9      | Killed Maurice
 11263 | D:9      | Noticed Amaemon
 11263 | D:9      | Noticed an orange demon
 11274 | D:9      | Killed an orange demon
 11286 | D:9      | Killed Amaemon
 11287 | D:9      | Reached skill level 10 in Poison Magic
 11702 | D:9      | Learned a level 3 spell: Ignite Poison
 11856 | D:9      | Noticed Erica
 11878 | D:9      | Slain by Erica

Illustrated notes

Levels and vault maps discovered:
D:1:      minmay_arrival_three_doors, layout_basic,
          shapermc_ecumenical_altar_mp_vishouse
D:2:      layout_rooms, minmay_misc_feat_four_crosses
D:3:      layout_basic, gup_sewer_entry_pipe, reono_crystal_passage,
          uniq_jessica
D:4:      layout_rooms, mainiacjoe_overflow_concentric_impassable,
          hangedman_abyss_or_decor_stagger, serial_park_tiny_1, uniq_pikel
D:5:      layout_loops_cross, grunt_temple_overflow_order_and_chaos_1,
          minmay_temple_entry_ruins, minmay_misc_feat_ornament,
          nicolae_wormholes
D:6:      layout_gridville, minmay_overflow_temple_hex, nicolae_grassy_gnolls
D:7:      layout_basic, nicolae_uskayaw_en_pointe, chequers_big_river
D:8:      layout_rooms, nicolae_water_bricks
D:9:      kennysheep_spiral_hall, layout_loops_corners, uniq_maurice,
          uniq_amaemon, uniq_erica

Skill      XL: |  1  2  3  4  5  6  7  8  9 10 |
---------------+-------------------------------+-----
Poison Magic   | 4 5 7 8 9 10 | 10.3
Conjurations   | 1 2 3 4 5 6 |  6.9
Spellcasting   | 3 4 5 |  5.7
Fighting       | 2 4 |  4.2
Dodging        | 2 3 |  3.9
Shields        | 2 3 |  3.7
Invocations    | 2 3 |  3.0
Hexes          | 3 |  3.0
Stealth        | |  1.7
Transmutations | |  1.0

Action                   |  1- 3 |  4- 6 |  7- 9 | 10-12 || total
-------------------------+-------+-------+-------+-------++-------
Melee: Dagger            |    46 |    42 |   164 |    28 ||   280
       Tailslap          |     4 |     2 |    23 |     4 ||    33
       Punch             |     1 |     1 |     1 |       ||     3
 Cast: Sting             |    45 |    47 |    16 |     5 ||   113
       Poisonous Vapours |    15 |    27 |     7 |     3 ||    52
       Mephitic Cloud    |       |     7 |     7 |     5 ||    19
       Olgreb's Toxic Ra |       |     2 |    46 |    14 ||    62
       Fulminant Prism   |       |       |       |     1 ||     1
 Abil: Breathe Fire      |       |       |    19 |     6 ||    25
  Use: Potion            |       |     3 |     3 |     1 ||     7
       Scroll            |       |    14 |     9 |       ||    23
 Stab: Sleeping          |       |       |     2 |       ||     2
       Confused          |       |       |     1 |     1 ||     2
       Distracted        |       |       |     1 |       ||     1
Armor: Skin              |    26 |    20 |    48 |     8 ||   102
Dodge: Dodged            |    32 |    55 |   102 |    23 ||   212
Block: Buckler           |       |       |    18 |     5 ||    23
